Map: Vaani Research Station (Void)

Players

fropez - Winner!

  • Race: Protoss Protoss
  • League: Gold
  • Spawn Location: 12:00

BEEFY

  • Race: Terran Terran
  • League: Gold
  • Spawn Location: 6:00

VOD

Have the link to the VOD?

Description

Time

  • Played on: Dec. 13, 2016, 2:35 p.m.
  • Length: 13:12
Show
View Real Time Build Order
Export as new Build Order

fropez Protoss - Winner!

Build Orders: 1 Gate Expand 

Get SALT Encoding   

  12  0:01  Probe (Chrono Boost)  
  13  0:12  Probe (Chrono Boost)  
  14  0:26  Pylon  
  14  0:28  Probe (Chrono Boost)  
  15  0:44  Probe (Chrono Boost)  
  15  0:48  Gateway  
  16  0:55  Probe (Chrono Boost)  
  17  1:05  Assimilator  
  17  1:06  Probe (Chrono Boost)  
  18  1:16  Probe (Chrono Boost)  
  19  1:27  Nexus  
  19  1:29  Probe (Chrono Boost)  
  20  1:44  Probe (Chrono Boost)  
  21  1:47  Assimilator  
  21  1:51  Pylon  
  21  1:58  Probe (Chrono Boost)  
  22  2:03  Cybernetics Core  
  22  2:10  Probe (Chrono Boost)  
  23  2:17  Pylon  
  23  2:19  Pylon  
  23  2:21  Probe (Chrono Boost)  
  23  2:31  Probe (Chrono Boost)  
  24  2:37  Warp Gate  
  24  2:38  Gateway  
  24  2:42  Mothership Core (Chrono Boost)  
  26  2:49  Stalker  
  28  2:52  Probe (Chrono Boost)  
  29  3:00  Probe (Chrono Boost)  
  30  3:07  Probe (Chrono Boost)  
  31  3:21  Probe (Chrono Boost)  
  31  3:25  Stalker  
  35  3:27  Probe (Chrono Boost)  
  35  3:34  Assimilator  
  35  3:41  Probe (Chrono Boost)  
  36  3:43  Probe (Chrono Boost), Stargate  
  37  3:54  Probe (Chrono Boost)  
  38  3:56  Pylon  
  38  4:00  Stalker  
  38  4:01  Stalker  
  39  4:06  Probe (Chrono Boost)  
  39  4:07  Probe (Chrono Boost)  
  43  4:14  Forge  
  43  4:15  Pylon  
  44  4:18  Probe (Chrono Boost)  
  44  4:19  Probe (Chrono Boost)  
  45  4:28  Oracle  
  45  4:36  Probe x2 (Chrono Boost)  
  50  4:43  Pylon  
  50  4:48  Probe (Chrono Boost)  
  45  5:00  Probe (Chrono Boost)  
  45  5:17  Oracle  
  45  5:19  Probe (Chrono Boost)  
  45  5:20  Assimilator  
  46  5:25  Stalker x2  
  46  5:27  Probe (Chrono Boost)  
  54  5:31  Probe (Chrono Boost)  
  55  5:41  Nexus  
  57  5:43  Probe (Chrono Boost)  
  57  5:44  Probe (Chrono Boost)  
  57  5:50  Pylon  
  57  5:53  Pylon  
  57  5:55  Probe (Chrono Boost)  
  57  5:56  Probe (Chrono Boost)  
  59  6:01  Adept  
  61  6:15  Pylon  
  61  6:21  Adept x2  
  61  6:22  Protoss Ground Weapons Level 1  
  65  6:27  Probe (Chrono Boost)  
  65  6:30  Probe (Chrono Boost)  
  67  6:39  Probe (Chrono Boost)  
  68  6:42  Probe (Chrono Boost)  
  69  6:51  Probe (Chrono Boost)  
  71  6:54  Probe (Chrono Boost)  
  71  7:07  Adept x2  
  76  7:09  Probe (Chrono Boost)  
  76  7:15  Photon Cannon  
  76  7:18  Probe (Chrono Boost)  
  76  7:20  Probe (Chrono Boost)  
  76  7:21  Twilight Council  
  79  7:24  Pylon, Probe (Chrono Boost)  
  79  7:28  Adept x2  
  79  7:29  Probe (Chrono Boost)  
  84  7:47  Probe x2 (Chrono Boost)  
  84  7:50  Probe (Chrono Boost)  
  87  7:59  Pylon  
  87  8:01  Pylon  
  87  8:03  Pylon  
  87  8:04  Adept x2  
  87  8:05  Probe x2 (Chrono Boost)  
  93  8:07  Pylon  
  93  8:11  Photon Cannon  
  93  8:12  Pylon, Assimilator  
  90  8:46  Adept, Probe x2 (Chrono Boost), Protoss Ground Weapons Level 2  
  90  8:48  Adept, Oracle  
  93  8:52  Resonating Glaives  
  96  9:12  Adept x2  
  96  9:13  Probe (Chrono Boost)  
  96  9:14  Probe x2 (Chrono Boost)  
  103  9:17  Assimilator  
  103  9:18  Gateway x2  
  103  9:22  Gateway  
  104  9:24  Probe (Chrono Boost)  
  104  9:26  Probe (Chrono Boost)  
  105  9:39  Dark Shrine  
  105  9:44  Robotics Facility  
  105  9:47  Nexus  
  105  9:49  Assimilator  
  105  9:52  Pylon, Photon Cannon  
  102  9:53  Assimilator  
  102  9:54  Stalker x2  
  102  9:55  Pylon  
  102  9:56  Pylon  
  102  9:58  Pylon  
  105  10:03  Phoenix  
  107  10:22  Stalker x2  
  111  10:31  Probe (Chrono Boost), Blink  
  111  10:34  Phoenix  
  114  10:50  Adept x5  
  114  10:53  Probe (Chrono Boost)  
  114  10:55  Probe x2 (Chrono Boost)  
  125  11:08  Nexus  
  125  11:09  Gateway x2  
  125  11:10  Pylon  
  125  11:13  Gateway  
  125  11:14  Pylon  
  125  11:15  Gateway  
  125  11:17  Pylon  
  125  11:20  Pylon  
  125  11:23  Gateway  
  125  11:24  Gateway  
  123  11:25  Gateway  
  123  11:27  Dark Templar x2  
  123  11:28  Dark Templar x3  
  123  11:32  Pylon  
  133  11:33  Pylon  
  133  11:34  Gateway  
  133  11:35  Pylon  
  133  11:39  Pylon  
  133  11:40  Pylon  
  133  11:48  Phoenix, Pylon  
  133  11:50  Pylon  
  133  11:52  Pylon  
  103  11:55  Pylon  
  103  11:57  Gateway  
  103  12:00  Gateway  
  99  12:02  Dark Templar x4  
  99  12:03  Gateway  
  99  12:08  Dark Templar  
  109  12:13  Phoenix  
  111  12:23  Zealot x4  
  111  12:24  Zealot x3  
  125  12:42  Adept x3  
  125  12:43  Adept x4  
  125  12:44  Adept x4  
  141  12:45  Adept  
Show
View Real Time Build Order
Export as new Build Order

BEEFY Terran 

Build Orders:  

Get SALT Encoding   

  12  0:13  Supply Depot  
  12  0:14  SCV  
  13  0:26  SCV  
  14  0:29  Refinery  
  14  0:40  Barracks  
  14  0:44  SCV  
  15  0:51  Refinery  
  15  0:56  SCV  
  16  1:08  SCV  
  17  1:17  Barracks  
  17  1:33  Orbital Command  
  17  1:43  Reaper  
  18  2:04  Barracks Reactor  
  18  2:16  SCV, Factory  
  19  2:28  SCV  
  20  2:30  Barracks Reactor  
  20  2:40  SCV  
  21  2:44  Supply Depot  
  21  2:49  Reaper  
  21  2:50  Reaper  
  23  3:02  Factory Tech Lab  
  23  3:07  Factory  
  23  3:13  Reaper  
  23  3:17  SCV  
  25  3:22  Reaper x2  
  27  3:30  SCV  
  28  3:34  Reaper  
  29  3:42  SCV  
  29  3:45  Supply Depot, Reaper  
  31  4:06  Command Center  
  31  4:12  SCV  
  31  4:17  Factory Tech Lab, Starport  
  32  4:18  Siege Tank  
  35  4:24  SCV  
  35  4:30  Marine  
  35  4:31  Marine x2  
  39  5:00  SCV  
  39  5:03  Marine  
  39  5:04  Marine x2  
  39  5:11  Marine  
  36  5:17  Siege Tank  
  36  5:18  Siege Tank  
  42  5:21  Marine  
  42  5:22  Marine, Supply Depot  
  42  5:25  SCV  
  42  5:27  Starport Tech Lab  
  45  5:29  Starport Reactor  
  45  5:33  Orbital Command  
  45  5:37  SCV  
  45  5:39  Marine  
  45  5:40  Marine  
  48  5:49  SCV  
  49  5:57  Siege Tank  
  49  6:01  SCV  
  53  6:13  SCV  
  53  6:18  Marine x3  
  57  6:20  Command Center  
  57  6:26  SCV x2  
  57  6:31  Supply Depot  
  59  6:36  Marine x3  
  62  6:52  Marine, SCV x2  
  62  6:54  Marine  
  59  7:07  SCV, Engineering Bay  
  59  7:08  SCV  
  60  7:12  Marine x4  
  64  7:18  Siege Tank  
  64  7:20  SCV x2  
  69  7:30  Marine  
  69  7:31  Viking  
  69  7:33  Supply Depot  
  72  7:37  Viking  
  72  7:44  Marine x3  
  77  7:52  SCV x3  
  79  7:59  Marine  
  79  8:00  Liberator x2  
  79  8:01  Marine x2  
  82  8:11  Marine  
  82  8:17  Marine  
  79  8:55  SCV x2  
  79  8:56  SCV  
  79  9:00  Viking x2  
  79  9:02  Missile Turret  
  85  9:07  SCV  
  85  9:08  SCV x2  
  88  9:12  Missile Turret  
  88  9:15  Missile Turret  
  88  9:16  Missile Turret  
  88  9:20  Marine x3  
  88  9:23  Missile Turret  
  91  9:30  Viking  
  93  9:45  Marine x3, Missile Turret  
  93  9:51  Missile Turret  
  93  9:52  Missile Turret  
  96  9:53  Missile Turret  
  96  9:57  Command Center  
  96  10:25  Marine x3  
  96  10:26  Marine  
  100  10:43  Marine  
  101  11:03  Supply Depot  
  101  11:05  Orbital Command  
  101  11:08  Marine x4, Viking  
  101  11:09  Siege Tank x2, Supply Depot  
  101  11:11  Refinery  
  113  11:13  Refinery  
  113  11:14  Orbital Command  
  113  11:16  SCV  
  113  11:17  SCV  
  115  11:26  Marine  
  109  12:18  Refinery  
  109  12:19  Refinery  
  109  12:21  Marine  
  109  12:22  Marine x3  
  113  12:28  Barracks  
  105  12:39  Marine x3  
Tags
 
Add a new tag
Caveats
  • Supply blocks, unpowered buildings, or Contaminate may cause inaccurate times.
  • Supply counts are checked every 10 seconds.